 Dungeon Crawl Stone Soup version 0.19.5 (webtiles) character file.

129901 greprep the Unseen (level 16, -5/82 HPs)
             Began as a Spriggan Enchanter on May 8, 2017.
             Was the Champion of Ashenzari.
             Slain by a spriggan rider
             ... wielding a +0 spear
              (11 damage)
             ... on level 1 of the Swamp.
             The game lasted 02:41:54 (32727 turns).

greprep the Unseen (Spriggan Enchanter)            Turns: 32727, Time: 02:41:55

Health: -5/82      AC: 10    Str: 11    XL:     16   Next: 51%
Magic:  29/43      EV: 31    Int: 23    God:    Ashenzari [******]
Gold:   1260       SH: 12    Dex: 22    Spells: 7 memorised, 21 levels left

rFire  . . .     SeeInvis +     K - +8 dagger (holy)
rCold  . . .     Gourm    .     h - +2 robe {MR+}
rNeg   + . .     Faith    .     t - +3 buckler (curse)
rPois  .         Spirit   .     m - +3 hat of Pondering {ponderous, MR+ MP+10 Int+5} (curse)
rElec  .         Reflect  .     C - +2 cloak (curse)
rCorr  .         Harm     .     (gloves unavailable)
MR     ++++.     Clarity  +     (boots unavailable)
Stlth  +++++++++.               e - amulet of magic regeneration (curse)
                                F - ring of Jop Byje {rN+ Str+7 Stlth+} (curse)
                                z - ring of wizardry (curse)

@: about to teleport, very quick
A: unfitting armour, see invisible, herbivore 3, speed 3, slow metabolism 2
a: Curse Item, Scrying, Transfer Knowledge, Renounce Religion


You were on level 1 of the Swamp.
You worshipped Ashenzari.
Ashenzari was exalted by your worship.
You were not hungry.

You visited 5 branches of the dungeon, and saw 25 of its levels.
You also visited: Labyrinth and Ice Cave.

You collected 2457 gold pieces.
You spent 1197 gold pieces at shops.

Inventory:

Hand Weapons
 K - a +8 dagger of holy wrath (weapon)
Armour
 h - a +2 robe of magic resistance (worn)
 m - the cursed +3 hat of Pondering (worn) {ponderous, MR+ MP+10 Int+5}
   (You took it off Gastronok on level 2 of the Lair of Beasts)

   It affects your intelligence (+5).
   It affects your resistance to hostile enchantments.
   It affects your magic capacity (+10).
   It has a curse placed upon it.
 r - a +0 robe of fire resistance
 t - a cursed +3 buckler (worn)
 C - a cursed +2 cloak (worn)
 P - a +1 cloak of poison resistance
Rods
 A - a +6 rod of ignition (14/14)
   (You found it in a labyrinth)
 Z - a +2 lightning rod (12/12)
   (You found it in a labyrinth)
Jewellery
 e - a cursed amulet of magic regeneration (around neck)
 l - an uncursed ring of flight
 p - an uncursed ring of resist corrosion
 z - a cursed ring of wizardry (left hand)
 F - the cursed ring of Jop Byje (right hand) {rN+ Str+7 Stlth+}
   (You found it in a labyrinth)

   [ring of stealth]

   It affects your strength (+7).
   It protects you from negative energy.
   It makes you more stealthy.
   It has a curse placed upon it.
 I - an uncursed ring of protection from fire
Wands
 a - a wand of paralysis (9/24)
 g - a wand of enslavement (11/24)
 q - a wand of paralysis (11/24)
 B - a wand of digging (15/24)
 D - a wand of digging (5/24)
 E - a wand of disintegration (11/24)
 G - a wand of heal wounds (4/9)
 H - a wand of teleportation (5/9)
 Q - a wand of disintegration (19/24)
 Y - a wand of digging (9/24)
Scrolls
 i - a scroll of holy word
 n - 7 scrolls of teleportation
 x - 3 scrolls of identify
 M - 5 scrolls of remove curse
 X - a scroll of fog
Potions
 b - a potion of cancellation
 f - 2 potions of haste
 j - 7 potions of curing
 s - a potion of invisibility
 v - a potion of cure mutation
 w - a potion of might
 S - a potion of brilliance
 U - a potion of berserk rage
 V - a potion of resistance
Books
 c - a book of Maledictions

   Spells                             Type                      Level
   a - Corona                         Hexes                        1
   b - Ensorcelled Hibernation        Hexes/Ice                    2
   c - Confuse                        Hexes                        3
   d - Tukima's Dance                 Hexes                        3
   e - Dazzling Spray                 Conjuration/Hexes            3
 y - the Papyrus of the Blaze
   (You found it on level 15 of the Dungeon)

   Spells                             Type                      Level
   a - Inner Flame                    Hexes/Fire                   3
   b - Sticky Flame                   Conjuration/Fire             4
   c - Bolt of Fire                   Conjuration/Fire             6
   d - Delayed Fireball               Conjuration/Fire             7
 J - a book of Conjurations

   Spells                             Type                      Level
   a - Magic Dart                     Conjuration                  1
   b - Searing Ray                    Conjuration                  2
   c - Dazzling Spray                 Conjuration/Hexes            3
   d - Fulminant Prism                Conjuration/Hexes            4
   e - Iskenderun's Mystic Blast      Conjuration                  4
   f - Iskenderun's Battlesphere      Conjuration/Charms           5
 L - a Young Poisoner's Handbook

   Spells                             Type                      Level
   a - Sting                          Conjuration/Poison           1
   b - Mephitic Cloud                 Conjuration/Poison/Air       3
   c - Olgreb's Toxic Radiance        Poison                       4
   d - Alistair's Intoxication        Transmutation/Poison         5
   e - Venom Bolt                     Conjuration/Poison           5
 R - a book of Minor Magic

   Spells                             Type                      Level
   a - Magic Dart                     Conjuration                  1
   b - Blink                          Translocation                2
   c - Call Imp                       Summoning                    2
   d - Repel Missiles                 Charms/Air                   2
   e - Slow                           Hexes                        2
   f - Conjure Flame                  Conjuration/Fire             3
   g - Mephitic Cloud                 Conjuration/Poison/Air       3
 W - a book of Power

   Spells                             Type                      Level
   a - Fulminant Prism                Conjuration/Hexes            4
   b - Iskenderun's Mystic Blast      Conjuration                  4
   c - Venom Bolt                     Conjuration/Poison           5
   d - Bolt of Magma                  Conjuration/Fire/Earth       5
   e - Iron Shot                      Conjuration/Earth            6
   f - Orb of Destruction             Conjuration                  7
   g - Spellforged Servitor           Conjuration/Summoning        7
Miscellaneous
 o - a phial of floods
 O - a box of beasts
Comestibles
 d - 12 bread rations
 u - 11 royal jellies
 T - 4 fruits


   Skills:
 * Level 8.6 Fighting
 * Level 10.4 Short Blades
 - Level 6.8 Armour
 * Level 9.4(12.3) Dodging
 + Level 20.8(22.9) Stealth
 * Level 4.7(7.6) Shields
 + Level 12.0 Spellcasting
 + Level 2.3(5.8) Conjurations
 + Level 11.9(16.1) Hexes
   Level 2.2(5.6) Charms
   Level 1.2(3.9) Summonings
   Level 1.2(3.9) Necromancy
 + Level 2.3(5.8) Translocations
   Level 2.1(5.5) Transmutations
   Level 1.1(3.7) Fire Magic
 + Level 5.9(10.4) Ice Magic
 + Level 1.9(5.1) Air Magic
 * Level 7.0(11.5) Poison Magic


You had 21 spell levels left.
You knew the following spells:

 Your Spells              Type           Power        Failure   Level  Hunger
a - Corona                Hex            ######.      0%          1    None
b - Ensorcelled Hibernat  Hex/Ice        ######       1%          2    None
c - Confuse               Hex            ######..     1%          3    None
d - Fulminant Prism       Conj/Hex       ######....   1%          4    None
e - Tukima's Dance        Hex            ######..     1%          3    None
f - Mephitic Cloud        Conj/Pois/Air  #####...     1%          3    None
g - Blink                 Tloc           N/A          1%          2    None


Dungeon Overview and Level Annotations

Branches:
Dungeon (15/15)            Temple (1/1) D:5            Lair (6/6) D:8
  Swamp (1/4) Lair:3        Snake (0/4) Lair:3        Slime (0/5) Lair:5
    Orc (2/2) D:10            Elf (0/3) Orc:2        Vaults (0/5) D:13
 Depths (0/5) D:15

Altars:
Ashenzari
Cheibriados
Dithmenos
Elyvilon
Fedhas
Gozag
Hepliaklqana
Kikubaaqudgha
Makhleb
Nemelex Xobeh
Okawaru
Qazlal
Ru
Sif Muna
Trog
Uskayaw
Vehumet
Xom
Yredelemnul
Zin
The Shining One
Beogh
Jiyva

Shops:
D:15 *   Orc:2 %[([


Innate Abilities, Weirdness & Mutations

You are very small and have problems with some larger weapons.
You are too small for most types of armour.
You have supernaturally acute eyesight. (SInv)
You are a herbivore.
You cover ground extremely quickly.
You need consume almost no food.


Message History

A tyrant leech comes into view.
The spriggan rider hits you from afar with a spear!
You see here a bog body corpse.
The spriggan rider hits you from afar with a spear!!
The spriggan rider hits you from afar with a spear!!
* * * LOW HITPOINT WARNING * * *
You feel much better.
The spriggan rider hits you from afar with a spear!
The spriggan rider hits you from afar with a spear!!
* * * LOW HITPOINT WARNING * * *
Casting: Fulminant Prism
Confirm with . or Enter, or press ? or * to list all spells.
Okay, then.
Evoke which item? (* to show all) (? for menu, Esc to quit)
Zapping:
H - a wand of teleportation (6/9)
Press: ? - help, Shift-Dir - straight line, f - you You feel strangely unstable.
This wand has 5 charges left.
The spriggan rider closely misses you.
The spriggan rider hits you from afar with a spear!
You die...

♣♣.≈≈≈≈.≈..♣♣♣♣♣≈≈≈.≈≈
♣≈.♣≈≈≈.≈.♣♣ ♣♣≈.≈≈.
♣..♣≈w≈≈≈.♣ ♣♣.≈.≈
♣......≈≈.♣ ♣♣≈..
♣♣≈≈≈≈≈..♣.♣ ♣§†.
♣..†≈♣≈≈...♣ ♣♣.≈
♣.≈...≈≈≈≈.♣ ♣♣≈
♣♣.≈§i.≈≈..≈♣♣ ♣.
♣.♣≈≈i†@...≈.♣** ♣♣
♣♣.≈§≈.♣≈≈..≈≈≈≈♣* ♣
♣......≈≈≈♣.≈≈..≈♣* ♣
♣♣%§≈≈≈§....≈≈.≈§.♣* ♣
♣♣.≈≈≈≈≈≈≈.♣≈♣.≈≈≈≈** *
♣..!.≈≈≈≈♣.≈≈≈...>.≈* ♣
***♣.≈≈........≈..≈≈≈.≈** *♣
*,...≈≈.≈≈≈≈≈...♣....,,,**♣.
*♣..≈≈....≈....♣♣**,,,,≈≈*.♣


You could see a tyrant leech and 2 spriggan riders.

Vanquished Creatures
  Rupert (Orc:2)
  An Ice Fiend (IceCv)
  Gastronok (Lair:2)
  The ghost of execc the Fencer, an adept OpBe of Trog (D:15)
  2 orc warlords
  Nessos (D:13)
  Snorg (D:12)
  An ettin (D:15)
  A minotaur (Lab)
  6 hydras
  An ice dragon (Swamp:1)
  Erica (Orc:1)
  A death knight (D:12)
  6 centaur warriors
  2 tengu warriors (D:15)
  2 alligators (Swamp:1)
  A death yak (Lair:6)
  An orc high priest (Orc:2)
  Sonja (D:15)
  The ghost of greprep the Unseen, a journeyman SpEn of Ashenzari (Orc:1)
  A hell knight (D:15)
  A skeletal warrior (D:12)
  An unseen horror (D:14)
  2 lindwurms (Lair:6)
  A wizard (D:14)
  4 orc knights
  A necromancer (D:13)
  5 hill giants
  A wolf spider zombie (D:15)
  5 cyclopes
  4 orc sorcerers (Orc:2)
  A deep elf mage (D:11)
  6 slime creatures
  9 ugly things
  A manticore (Lair:6)
  Psyche (D:8)
  4 black mambas
  13 spiny frogs
  2 torpor snails
  2 gargoyles
  An ice statue (IceCv)
  3 kobold demonologists
  A freezing wraith (D:14)
  2 rime drakes
  6 komodo dragons
  10 ice devils (IceCv)
  8 trolls
  3 tyrant leeches (Swamp:1)
  8 polar bears
  A queen bee (Lair:2)
  Grinder (D:5)
  3 two-headed ogres
  A harpy zombie (D:13)
  5 hornets
  2 wolf spider simulacra (D:13)
  2 bog bodies (Swamp:1)
  3 blink frogs (Lair:5)
  7 hippogriffs
  9 dream sheep
  2 shadows
  A vampire (D:13)
  12 spriggans
  3 wyverns
  3 dire elephant simulacra (IceCv)
  4 wraiths
  8 basilisks
  16 humans (D:13)
  43 yaks
  A steam dragon (D:12)
  A hungry ghost (D:13)
  12 vampire mosquitoes (Swamp:1)
  An iron troll simulacrum (IceCv)
  A mottled dragon (D:15)
  5 wargs
  2 harpy simulacra (IceCv)
  2 nagas (Lair:3)
  A soldier ant (D:12)
  2 hydra simulacra (IceCv)
  13 water moccasins
  32 orc warriors
  11 porcupines
  2 ettin simulacra (IceCv)
  2 sky beasts
  An ice beast (D:11)
  3 black bears
  A necrophage (D:11)
  A phantom (D:14)
  4 boggarts (Lair:6)
  9 ogres
  42 wolves
  10 centaurs
  14 crocodiles
  7 big kobolds
  A wyvern zombie (D:12)
  17 bullfrogs
  A water moccasin zombie (D:11)
  2 scorpions
  A water moccasin skeleton (D:6)
  40 killer bees
  4 wights (D:15)
  6 howler monkeys
  6 crimson imps
  2 bullfrog zombies
  6 centaur zombies
  3 quasits
  3 jellies
  6 hounds
  17 orc priests
  29 orc wizards
  6 bullfrog skeletons
  7 centaur skeletons
  Ijyb (D:2)
  3 iguanas
  10 worker ants
  A hound skeleton (D:9)
  A hound zombie (D:9)
  A worker ant zombie (D:9)
  13 adders
  3 shadow imps
  2 oozes
  2 adder skeletons
  A worm (D:2)
  5 dart slugs
  6 leopard geckos
  128 orcs
  2 ball pythons
  9 giant cockroaches
  8 hobgoblins
  26 jackals
  3 quokkas
  3 bats
  2 frilled lizards
  3 goblins
  17 kobolds
  10 rats
  2 butterflies (Lair:6)
  A fulminant prism (Lair:5)
  A fungus (Lair:5)
867 creatures vanquished.

Vanquished Creatures (collateral kills)
  2 spriggans (Lair:6)
2 creatures vanquished.

Vanquished Creatures (others)
  2 kobolds (D:15)
  89 fulminant prisms
  A fungus (Lair:2)
  A plant (D:10)
93 creatures vanquished.

Grand Total: 962 creatures vanquished

Notes
Turn   | Place    | Note
-------+----------+-------------------------------------------
     0 | D:1      | greprep the Spriggan Enchanter began the quest for the Orb.
     0 | D:1      | Reached XP level 1. HP: 9/9 MP: 5/5
   133 | D:1      | Reached XP level 2. HP: 7/13 MP: 4/6
   137 | D:1      | Learned a level 2 spell: Ensorcelled Hibernation
   687 | D:1      | Reached skill level 5 in Stealth
   719 | D:1      | Reached XP level 3. HP: 14/16 MP: 0/8
  1197 | D:1      | Learned a level 3 spell: Confuse
  1552 | D:2      | Noticed Ijyb
  1561 | D:2      | Killed Ijyb
  1561 | D:2      | Reached skill level 6 in Stealth
  1561 | D:2      | Reached XP level 4. HP: 11/21 MP: 1/9
  1779 | D:2      | You fall through a shaft!
  2168 | D:2      | Found an ancient bone altar of Kikubaaqudgha.
  2471 | D:3      | Reached XP level 5. HP: 25/25 MP: 10/10
  2514 | D:3      | Reached skill level 1 in Fighting
  2761 | D:3      | Found a shimmering altar of Xom.
  2770 | D:3      | Reached skill level 7 in Stealth
  3097 | D:4      | Noticed an ogre
  3106 | D:4      | Killed an ogre
  3106 | D:4      | Reached skill level 1 in Armour
  3106 | D:4      | Reached skill level 1 in Ice Magic
  3106 | D:4      | Reached XP level 6. HP: 30/30 MP: 8/11
  3676 | D:5      | Entered Level 5 of the Dungeon
  4066 | D:5      | Reached skill level 8 in Stealth
  4289 | D:5      | Found a staircase to the Ecumenical Temple.
  4300 | Temple   | Entered the Ecumenical Temple
  4331 | Temple   | Became a worshipper of Ashenzari the Shackled
  4454 | D:5      | Reached XP level 7. HP: 34/34 MP: 13/13
  4489 | D:5      | Found a sacrificial altar of Ru.
  4512 | D:5      | Got the morningstar of Grandeur {venom, MR+ Int+4}
  4607 | D:5      | Noticed Grinder
  4620 | D:5      | Killed Grinder
  4620 | D:5      | Reached skill level 9 in Stealth
  5411 | D:6      | Reached skill level 10 in Stealth
  5415 | D:6      | Reached XP level 8. HP: 32/39 MP: 10/15
  6106 | D:7      | Reached * piety under Ashenzari
  6146 | D:7      | Reached skill level 5 in Hexes
  6489 | D:8      | Reached skill level 11 in Stealth
  6783 | D:8      | Found an iron altar of Okawaru.
  6783 | D:8      | Found a faded altar of an unknown god.
  6789 | D:8      | Found a shadowy altar of Dithmenos.
  6794 | D:8      | Found a white marble altar of Elyvilon.
  6796 | D:8      | Found a hide-covered altar of Uskayaw.
  6846 | D:8      | Noticed Psyche
  6851 | D:8      | Killed Psyche
  6851 | D:8      | Reached skill level 12 in Stealth
  6851 | D:8      | Reached XP level 9. HP: 43/43 MP: 9/17
  6854 | D:8      | Noticed a troll
  6869 | D:8      | Reached skill level 5 in Spellcasting
  6882 | D:8      | Killed a troll
  7101 | D:8      | Reached skill level 13 in Stealth
  7323 | D:8      | Found a staircase to the Lair.
  7354 | D:8      | Learned a level 4 spell: Fulminant Prism
  7679 | D:9      | Reached skill level 5 in Short Blades
  7725 | D:9      | Noticed a gargoyle
  8245 | D:9      | Reached skill level 14 in Stealth
  8361 | D:9      | Killed a gargoyle
  8361 | D:9      | Reached XP level 10. HP: 49/49 MP: 17/19
  8978 | D:10     | Entered Level 10 of the Dungeon
  9479 | D:11     | Reached ** piety under Ashenzari
  9498 | D:11     | Noticed a green ugly thing
  9502 | D:11     | Killed a green ugly thing
  9521 | D:11     | Reached skill level 15 in Stealth
  9794 | D:11     | Noticed a cyclops
  9799 | D:11     | Noticed an orange demon
  9930 | D:11     | Killed a cyclops
 10040 | D:11     | Noticed a deep elf mage
 10050 | D:11     | Killed a deep elf mage
 10189 | D:10     | Found a snail-covered altar of Cheibriados.
 10295 | D:10     | Noticed a hill giant
 10466 | D:9      | Reached XP level 11. HP: 40/54 MP: 16/22
 10575 | D:9      | Killed a hill giant
 11129 | D:10     | Reached skill level 5 in Fighting
 11269 | D:10     | Reached skill level 16 in Stealth
 11300 | D:10     | Found a staircase to the Orcish Mines.
 11529 | D:10     | Noticed a three-headed hydra
 11553 | D:10     | Killed a three-headed hydra
 11839 | Orc:1    | Entered Level 1 of the Orcish Mines
 11839 | Orc:1    | Found a bloodstained altar of Trog.
 11839 | Orc:1    | Noticed Erica
 11863 | Orc:1    | Killed Erica
 12150 | Orc:1    | Noticed greprep's ghost (journeyman SpEn)
 12167 | Orc:1    | Killed greprep's ghost
 12167 | Orc:1    | Reached skill level 5 in Armour
 12167 | Orc:1    | Reached skill level 17 in Stealth
 12342 | Orc:1    | Noticed an orc warlord
 12533 | D:10     | Killed an orc warlord
 12779 | Orc:2    | Entered Level 2 of the Orcish Mines
 12905 | Orc:2    | Noticed an orc knight
 13061 | Orc:1    | Killed an orc knight
 13061 | Orc:1    | Reached XP level 12. HP: 34/60 MP: 7/24
 13440 | Orc:2    | Found a roughly hewn altar of Beogh.
 13507 | Orc:2    | Found a bloodstained altar of Trog.
 13607 | Orc:2    | Noticed Rupert
 13616 | Orc:2    | Paralysed by Rupert for 5 turns
 13775 | Orc:2    | Found a roughly hewn altar of Beogh.
 14044 | Orc:2    | Found a staircase to the Elven Halls.
 14107 | Orc:2    | Reached *** piety under Ashenzari
 14258 | Orc:2    | Paralysed by Rupert for 3 turns
 14400 | Orc:2    | Paralysed by Rupert for 6 turns
 14417 | Orc:2    | Paralysed by Rupert for 5 turns
 14574 | Orc:1    | Learned a level 3 spell: Tukima's Dance
 14615 | Orc:2    | Noticed an orc warlord
 14680 | Orc:2    | Killed an orc warlord
 15872 | Orc:2    | Found a roughly hewn altar of Beogh.
 15881 | Orc:2    | Found Uxkoudwo's Armour Shoppe.
 15887 | Orc:2    | Reached skill level 18 in Stealth
 16048 | Orc:2    | Found a roughly hewn altar of Beogh.
 16049 | Orc:2    | Found Tosuzuaci's Food Shop.
 16446 | Orc:2    | Killed Rupert
 16587 | Orc:2    | Noticed an orc high priest
 16876 | Orc:2    | Found Bemmycw's Antique Weapon Shoppe.
 16878 | Orc:2    | Found a roughly hewn altar of Beogh.
 16878 | Orc:2    | Found Wueroext's Antique Armour Emporium.
 16887 | Orc:2    | Killed an orc high priest
 16901 | Orc:2    | Bought a dull robe for 199 gold pieces
 16907 | Orc:2    | Bought a warped hunting sling for 188 gold pieces
 17444 | D:11     | Learned a level 3 spell: Mephitic Cloud
 17447 | D:11     | Learned a level 2 spell: Blink
 17574 | D:12     | Reached XP level 13. HP: 59/66 MP: 17/26
 17758 | Lair:1   | Entered Level 1 of the Lair of Beasts
 17920 | Lair:1   | Reached skill level 19 in Stealth
 18450 | Lair:2   | Noticed Gastronok
 19672 | Lair:2   | Reached skill level 1 in Conjurations
 20664 | Lair:2   | Killed Gastronok
 20664 | Lair:2   | Reached skill level 1 in Poison Magic
 21097 | Lair:2   | Reached **** piety under Ashenzari
 21657 | Lair:3   | Reached skill level 5 in Ice Magic
 21731 | Lair:3   | Found a labyrinth entrance.
 21751 | Lab      | Entered a labyrinth
 21832 | Lab      | Noticed a minotaur
 21851 | Lab      | Killed a minotaur
 21889 | Lab      | Identified the ring of Jop Byje {rN+ Str+7 Stlth+} (You found it in a labyrinth)
 21889 | Lab      | Identified the amulet of Kire {Harm *Drain rElec SInv} (You found it in a labyrinth)
 22144 | Lair:3   | Reached skill level 5 in Dodging
 22149 | Lair:3   | Found a staircase to the Swamp.
 22375 | Lair:3   | Found a staircase to the Snake Pit.
 22439 | Lair:3   | Reached skill level 1 in Shields
 22439 | Lair:3   | Reached skill level 1 in Summonings
 22439 | Lair:3   | Reached skill level 1 in Necromancy
 22439 | Lair:3   | Reached skill level 1 in Fire Magic
 22439 | Lair:3   | Reached skill level 1 in Air Magic
 22439 | Lair:3   | Reached XP level 14. HP: 70/70 MP: 25/28
 22678 | Lair:4   | Reached skill level 20 in Stealth
 23139 | Lair:4   | Reached skill level 10 in Hexes
 23591 | Lair:5   | Found a staircase to the Slime Pits.
 23593 | Lair:5   | Found a viscous altar of Jiyva.
 23617 | Lair:5   | Identified a +5 rod of ignition (12/12) (You found it in a labyrinth)
 23913 | Lair:5   | Reached skill level 10 in Spellcasting
 24069 | Lair:5   | Reached XP level 15. HP: 75/75 MP: 30/30
 24434 | Lair:6   | Entered Level 6 of the Lair of Beasts
 24882 | Lair:6   | Reached ***** piety under Ashenzari
 25740 | Lair:5   | Reached skill level 5 in Poison Magic
 27597 | D:12     | Noticed Snorg
 27618 | D:12     | Killed Snorg
 28240 | D:13     | Found a gate to the Vaults.
 28240 | D:13     | Noticed Nessos
 28352 | D:13     | Killed Nessos
 28958 | D:13     | Found an ancient bone altar of Kikubaaqudgha.
 29160 | D:13     | Found a deep blue altar of Sif Muna.
 29491 | D:14     | Found an iron altar of Okawaru.
 30150 | D:15     | Entered Level 15 of the Dungeon
 30186 | D:15     | Noticed Sonja
 30196 | D:15     | Killed Sonja
 30196 | D:15     | Reached XP level 16. HP: 68/81 MP: 32/32
 30462 | D:15     | Reached skill level 10 in Short Blades
 30716 | D:15     | Found Vousomya's Demolitions Depot.
 30731 | D:15     | Bought a book of Power for 810 gold pieces
 30761 | D:15     | Found a staircase to the Depths.
 30809 | D:15     | Noticed execc's ghost (adept OpBe)
 30817 | D:15     | Killed execc's ghost
 30985 | D:15     | Reached ****** piety under Ashenzari
 31033 | D:15     | Identified the Papyrus of the Blaze
 31724 | Swamp:1  | Entered Level 1 of the Swamp
 31775 | Swamp:1  | Found a frozen archway.
 31782 | IceCv    | Entered an ice cave
 31955 | IceCv    | Noticed an Ice Fiend
 31975 | IceCv    | Killed an Ice Fiend
 32727 | Swamp:1  | Slain by a spriggan rider

Skill      XL: |  1  2  3  4  5  6  7  8  9 10 11 12 13 14 15 16 |
---------------+-------------------------------------------------+-----
Hexes          | 4 5 6 7 8 9 10 11 | 11.9
Spellcasting   | 3 4 5 6 7 8 9 10 11 12 | 12.0
Stealth        | 5 6 7 8 10 12 14 15 17 18 19 20 | 20.8
Fighting       | 1 2 3 4 5 6 7 8 |  8.6
Short Blades   | 2 3 4 5 6 7 8 9 10 | 10.4
Armour         | 1 2 3 4 5 6 |  6.8
Ice Magic      | 1 2 3 4 5 |  5.9
Dodging        | 4 5 8 9 |  9.4
Conjurations   | 1 2 |  2.3
Poison Magic   | 3 4 6 7 |  7.0
Shields        | 1 2 4 |  4.7
Charms         | 2 |  2.2
Summonings     | 1 |  1.2
Necromancy     | 1 |  1.2
Translocations | 2 |  2.3
Transmutations | 2 |  2.1
Fire Magic     | 1 |  1.1
Air Magic      | 1 |  1.9

Action                   |  1- 3 |  4- 6 |  7- 9 | 10-12 | 13-15 | 16-18 || total
-------------------------+-------+-------+-------+-------+-------+-------++-------
Melee: Dagger            |    86 |    85 |   151 |   467 |   553 |   145 ||  1487
 Cast: Corona            |     1 |       |       |       |       |       ||     1
       Ensorcelled Hiber |    23 |    42 |    73 |   432 |   287 |    31 ||   888
       Confuse           |       |       |    14 |    41 |    80 |    41 ||   176
       Fulminant Prism   |       |       |     2 |    25 |    53 |    10 ||    90
       Mephitic Cloud    |       |       |       |       |    26 |     1 ||    27
       Tukima's Dance    |       |       |       |       |     6 |       ||     6
       Blink             |       |       |       |       |       |     2 ||     2
Invok: Curse Item        |       |     1 |       |     2 |     4 |       ||     7
       Scrying           |       |       |       |       |     8 |     3 ||    11
Evoke: Wand              |       |       |     1 |     1 |       |     3 ||     5
       Rod               |       |       |       |       |       |     3 ||     3
  Use: Scroll            |       |     5 |     8 |     7 |    24 |     5 ||    49
       Potion            |       |       |     2 |     7 |    12 |     3 ||    24
 Stab: Sleeping          |    31 |    42 |    72 |   214 |   222 |    44 ||   625
       Confused          |       |       |    13 |    25 |    64 |    26 ||   128
       Distracted        |       |       |       |     4 |     3 |     1 ||     8
  Eat: Fruit             |       |     1 |       |     2 |     8 |     6 ||    17
       Pizza             |       |     1 |       |     4 |     2 |       ||     7
       Bread ration      |       |     1 |     1 |     1 |       |       ||     3
Armor: Robe              |    10 |     8 |     7 |    22 |    40 |     2 ||    89
       Troll leather arm |       |       |       |    29 |       |       ||    29
Dodge: Dodged            |    48 |    74 |   135 |   439 |   368 |    61 ||  1125
Block: Buckler           |       |       |       |       |   106 |    45 ||   151
